AoeStats
← | CZK | JasuStrychar27

Enclosed

504696808Analyzed
1v1 RM · 27d ago on Sep 6, 2026· 52m 10s· 2 players
Game mode
Random Map
Map size
Tiny (2 player)
Population
200
Speed
Normal
Resources
Standard
Victory
Conquest
Starting age
Dark Age
Ending age
Imperial Age
RankedLock teamsTeams togetherTeam positionsShared explorationLock speedFull tech treeHidden civsTurbo modeCheats
Victory
Defeat
🇦🇷 Romans · Argentina
1061
+13
🇦🇷 Wei · Argentina
996
-13
| CZK | JasuStrychar27
10:53 Feudal Age
9:09 Loom
11:41 Double-Bit Axe
15:28 Fletching
19:20 Padded Archer Armor
21:17 Gold Mining
24:15 Padded Archer Armor
32:12 Castle Age
32:32 Horse Collar
32:51 Bodkin Arrow
33:12 Leather Archer Armor
33:07 Thumb Ring
34:17 Gold Shaft Mining
34:02 Bow Saw
34:21 Ballistics
41:13 Bloodlines
41:04 Husbandry
44:31 Scale Barding Armor
44:37 Forging
47:45 Chain Barding Armor
48:01 Iron Casting
49:44 Tuntian
JLN II
8:29 Loom
12:19 Feudal Age
12:33 Man-at-Arms
13:42 Scale Mail Armor
13:54 Forging
22:21 Fletching
22:32 Padded Archer Armor
23:33 Double-Bit Axe
23:31 Horse Collar
25:48 Wheelbarrow
30:16 Castle Age
30:59 Bodkin Arrow
31:20 Leather Archer Armor
30:29 Long Swordsman
31:10 Squires
36:23 Hand Cart
35:34 Elite Skirmisher
36:58 Pikeman
41:19 Chain Mail Armor
41:40 Iron Casting
43:17 Town Watch
43:54 Bow Saw
46:28 Crossbowman
48:55 Ballistics
Connection lost

Rejoining the realm…

Still unreachable

The connection could not be restored.

Session expired

The server has moved on; the page needs a fresh start.